 Dungeon Crawl Stone Soup version 0.20.0-8-g6b59dc7 (webtiles) character file.

84368 greprep the Imperceptible (level 15, -7/68 HPs)
             Began as a Spriggan Enchanter on June 2, 2017.
             Was the Champion of Dithmenos.
             Mangled by an eight-headed hydra (14 damage)
             ... on level 6 of the Lair of Beasts.
             The game lasted 01:19:52 (28681 turns).

greprep the Imperceptible (Spriggan Enchanter)     Turns: 28681, Time: 01:19:53

Health: -7/68      AC:  3    Str:  6    XL:     15   Next: 35%
Magic:  32/40      EV: 31    Int: 22    God:    Dithmenos [******]
Gold:   2174       SH: 12    Dex: 21    Spells: 31/37 levels left

rFire    + + .     SeeInvis +   x - +4 dagger (speed)
rCold    . . .     Gourm    +   C - +3 buckler
rNeg     . . .     Faith    .   I - +1 robe of Trumpets {rF++ MP+9 Int+3 SInv}
rPois    .         Spirit   .   (helmet restricted)
rElec    .         Reflect  .   (no cloak)
rCorr    .         Harm     .   (gloves unavailable)
MR       ++...                  (boots unavailable)
Stlth    ++++++++++             X - amulet of the gourmand
Regen    0.3/turn               w - +2 ring of strength
MPRegen  0.3/turn               V - +3 ring of evasion

@: wreathed by umbra, very quick
A: unfitting armour, see invisible, herbivore 3, speed 3, slow metabolism 2
a: Shadow Step, Shadow Form, Renounce Religion


You were on level 6 of the Lair of Beasts.
You worshipped Dithmenos.
Dithmenos was exalted by your worship.
You were not hungry.

You visited 3 branches of the dungeon, and saw 21 of its levels.
You also visited: Volcano.

You collected 2394 gold pieces.
You spent 220 gold pieces at shops.

Inventory:

Hand Weapons
 f - a +0 dagger of piercing
 x - a +4 dagger of speed (weapon)
Armour
 C - a +3 buckler (worn)
 I - the +1 robe of Trumpets (worn) {rF++ MP+9 Int+3 SInv}
   (You found it on level 8 of the Dungeon)

   It affects your intelligence (+3).
   It greatly protects you from fire.
   It affects your magic capacity (+9).
   It lets you see invisible.
Jewellery
 b - an uncursed ring of flight
 l - an uncursed ring of protection from cold
 t - an uncursed amulet of magic regeneration
 w - a +2 ring of strength (left hand)
 V - a +3 ring of evasion (right hand)
 X - an amulet of the gourmand (around neck)
Wands
 y - a wand of polymorph (8/24)
 D - a wand of iceblast (8/15)
 E - a wand of digging (9/24)
 J - a wand of confusion (29/48)
 M - a wand of enslavement (10/24)
 N - a wand of enslavement (16/24)
 P - a wand of lightning (10/15)
 Q - a wand of confusion (15/48)
 U - a wand of polymorph (7/24)
 W - a wand of iceblast (1/15)
 Y - a wand of acid (6/15)
Scrolls
 j - 6 scrolls of teleportation
 k - 13 scrolls of remove curse
 n - 7 scrolls of magic mapping
 p - 5 scrolls of enchant armour
 q - 5 scrolls of fear
 r - a scroll of blinking
 u - 3 scrolls of recharging
 z - a scroll of summoning {unknown}
 F - 2 scrolls of fog
 O - a scroll of brand weapon
 Z - a scroll of holy word
Potions
 a - 2 potions of cancellation
 e - a potion of brilliance
 h - 2 potions of agility
 i - 6 potions of curing
 m - a potion of ambrosia
 o - a potion of lignification {unknown}
 s - a potion of might {unknown}
 v - a potion of invisibility
 A - 5 potions of flight
 G - 7 potions of heal wounds
 H - 2 potions of haste
Books
 c - a book of Maledictions

   Spells                             Type                      Level
   a - Corona                         Hexes                        1
   b - Ensorcelled Hibernation        Hexes/Ice                    2
   c - Confuse                        Hexes                        3
   d - Tukima's Dance                 Hexes                        3
   e - Dazzling Spray                 Conjuration/Hexes            3
 B - the Grimoire of Calling and Sinister Rituals
   (You found it on level 4 of the Lair of Beasts)

   Spells                             Type                      Level
   a - Pain                           Necromancy                   1
   b - Summon Butterflies             Summoning                    1
   c - Bolt of Draining               Conjuration/Necromancy       5
   d - Aura of Abjuration             Summoning                    5
   e - Malign Gateway                 Summoning/Translocation      7
Miscellaneous
 K - 2 sacks of spiders
 T - 2 phantom mirrors
Comestibles
 d - 8 bread rations
 g - 9 royal jellies


   Skills:
 + Level 3.1 Fighting
 * Level 12.2 Short Blades
 + Level 10.3 Dodging
 * Level 23.8 Stealth
 * Level 7.0 Shields
 + Level 11.5 Spellcasting
 + Level 11.0 Hexes
 + Level 5.3 Ice Magic


You had 31 spell levels left.
You knew the following spells:

 Your Spells              Type           Power        Failure   Level  Hunger
a - Corona                Hex            ######.      1%          1    None
b - Ensorcelled Hibernat  Hex/Ice        #####.       1%          2    None
c - Confuse               Hex            ######..     1%          3    None


Dungeon Overview and Level Annotations

Branches:
Dungeon (14/15)            Temple (1/1) D:4            Lair (6/6) D:9
 Shoals (0/4) Lair:4       Spider (0/4) Lair:3          Orc (0/2) D:12
 Vaults (0/5) D:13
  Slime: Lair:5-6

Altars:
Ashenzari
Cheibriados
Dithmenos
Elyvilon
Fedhas
Gozag
Hepliaklqana
Kikubaaqudgha
Makhleb
Nemelex Xobeh
Okawaru
Qazlal
Ru
Sif Muna
Trog
Uskayaw
Vehumet
Xom
Yredelemnul
Zin
The Shining One
Jiyva

Shops:
D:5 ?   D:6 !   D:13 *

Annotations:
Lair:3 exclusion: oklob plant
Lair:6 1 runed door


Innate Abilities, Weirdness & Mutations

You are very small and have problems with some larger weapons.
You are too small for most types of armour.
You have supernaturally acute eyesight. (SInv)
You are a herbivore.
You cover ground extremely quickly.
You need consume almost no food.


Message History

Press: ? - help, Shift-Dir - straight line, f - blink frog
Aim: a blink frog (umbra, chance to defeat MR: 54%)
The blink frog resists with some effort.
Your shadow mimicks your spell!
The blink frog looks drowsy...
The helpless blink frog fails to defend itself.
You skewer the blink frog like a kebab!!!!!
You kill the blink frog!
Dithmenos accepts your kill.
Unknown command.
Unknown command.
You block the eight-headed hydra's attack.
The eight-headed hydra misses you. x2
You block the eight-headed hydra's attack.
The eight-headed hydra completely misses you.
The eight-headed hydra closely misses you.
The eight-headed hydra bites you!
* * * LOW HITPOINT WARNING * * *
You emit a cloud of dark smoke.
The eight-headed hydra bites you!
You die...

####...§P§§≈≈§............
.......§§§§§P≈P...........
.......§#§§§.§...†........
......§§...§...†..........
......§..§................
..÷.._..P.##...##......##.
..÷.......#...#....##..P#
..÷...........†#D.#...P.P
....P..........S@§........
...P...P..P#.#.§.§.#..P...
.#.#.############.P####P#
###### #### #


You could see an eight-headed hydra and a water moccasin.

Vanquished Creatures
  A stone giant (Volcano)
  2 entropy weavers (Lair:4)
  Azrael (D:13)
  5 vault guards
  Harold (Lair:4)
  5 hydras
  2 centaur warriors (D:13)
  6 two-headed ogres
  A queen ant (Lair:4)
  An ogre mage (D:12)
  2 tengu warriors
  5 death yaks (Lair:2)
  A deep elf knight (D:13)
  5 slime creatures
  4 unseen horrors
  2 orc knights (D:13)
  A deep elf mage (D:13)
  5 ugly things
  3 manticores
  2 cyclopes
  A merfolk siren (Lair:4)
  3 elephants (Lair:3)
  A centaur zombie (D:13)
  Psyche (D:8)
  4 black mambas
  The ghost of MTVSty1e the Insei, a novice DsTm of Makhleb (D:5)
  3 centaur skeletons
  19 spiny frogs
  7 gargoyles
  An efreet (Volcano)
  2 rime drakes
  9 komodo dragons
  A freezing wraith (D:13)
  A yaktaur (D:13)
  A polar bear (Lair:3)
  A tengu conjurer (D:13)
  3 tyrant leeches (Lair:6)
  A hornet (D:13)
  28 blink frogs
  10 dream sheep
  19 hippogriffs
  A vampire (D:11)
  A shadow (D:13)
  5 wyverns
  4 basilisks
  55 yaks
  6 fire bats (Volcano)
  4 fire elementals (D:13)
  Grum (D:11)
  4 hogs (D:7)
  A human (D:7)
  3 steam dragons
  7 vampire mosquitoes
  5 wargs
  9 water moccasins
  20 soldier ants (Lair:4)
  2 acid dragons
  2 hell hounds (D:13)
  4 porcupines
  6 orc warriors
  3 sky beasts
  4 ice beasts
  6 ogres
  2 eyes of draining
  7 centaurs
  2 phantoms
  13 wolves
  The ghost of MTVSty1e the Skirmisher, an amateur GrFi (D:3)
  9 crocodiles
  4 big kobolds
  A wyvern zombie (D:8)
  28 bullfrogs
  A gnoll sergeant (D:13)
  3 scorpions
  A water moccasin skeleton (D:10)
  8 killer bees
  7 wights
  7 howler monkeys
  An electric eel (D:10)
  2 crimson imps (D:5)
  A bullfrog zombie (D:12)
  6 lava snakes
  A quasit (D:7)
  12 orc priests
  4 hounds
  2 jellies
  5 bullfrog skeletons
  An iguana (D:6)
  10 orc wizards
  16 worker ants
  5 hell rats (Lair:5)
  2 worker ant zombies
  8 gnolls
  A howler monkey zombie (D:6)
  9 adders
  A howler monkey skeleton (D:4)
  3 shadow imps
  An adder zombie (D:7)
  2 worms (D:2)
  2 dart slugs (D:1)
  5 leopard geckos
  50 orcs
  11 bats
  6 giant cockroaches
  7 goblins
  7 hobgoblins
  6 jackals
  29 kobolds
  6 quokkas
  9 frilled lizards
  A quokka zombie (D:7)
  4 rats
655 creatures vanquished.

Vanquished Creatures (others)
  An orc wizard (D:5)
  A bush (Lair:6)
  18 fungi
  32 plants
52 creatures vanquished.

Grand Total: 707 creatures vanquished

Notes
Turn   | Place    | Note
-------+----------+-------------------------------------------
     0 | D:1      | greprep the Spriggan Enchanter began the quest for the Orb.
     0 | D:1      | Reached XP level 1. HP: 9/9 MP: 5/5
   223 | D:1      | Reached XP level 2. HP: 13/13 MP: 6/6
   228 | D:1      | Learned a level 2 spell: Ensorcelled Hibernation
   430 | D:1      | Reached skill level 5 in Stealth
   832 | D:1      | Reached XP level 3. HP: 16/16 MP: 5/8
  1461 | D:2      | Found a sparkling altar of Nemelex Xobeh.
  1660 | D:2      | Reached skill level 6 in Stealth
  1982 | D:2      | Reached XP level 4. HP: 21/21 MP: 9/9
  2613 | D:3      | Noticed MTVSty1e's ghost (amateur GrFi)
  2657 | D:3      | Learned a level 3 spell: Confuse
  2945 | D:3      | Killed MTVSty1e's ghost
  2945 | D:3      | Reached skill level 7 in Stealth
  2945 | D:3      | Reached XP level 5. HP: 12/25 MP: 0/10
  3268 | D:3      | Found a deep blue altar of Sif Muna.
  3391 | D:4      | Found a staircase to the Ecumenical Temple.
  3412 | Temple   | Entered the Ecumenical Temple
  3436 | Temple   | Became a worshipper of Dithmenos the Shadowed
  3603 | D:4      | Reached XP level 6. HP: 26/29 MP: 11/11
  3861 | D:4      | Reached skill level 8 in Stealth
  4494 | D:4      | You fall through a shaft for 2 floors!
  4529 | D:6      | Reached skill level 1 in Fighting
  4686 | D:5      | Entered Level 5 of the Dungeon
  4739 | D:5      | Reached XP level 7. HP: 16/33 MP: 7/13
  4905 | D:5      | Reached * piety under Dithmenos
  4940 | D:5      | Found Ure Heus's Magic Scroll Emporium.
  4945 | D:5      | Bought a scroll of brand weapon for 220 gold pieces
  4978 | D:5      | Noticed MTVSty1e's ghost (novice DsTm)
  5002 | D:5      | Killed MTVSty1e's ghost
  5002 | D:5      | Reached skill level 5 in Dodging
  5002 | D:5      | Reached skill level 9 in Stealth
  5252 | D:5      | Reached XP level 8. HP: 37/37 MP: 4/15
  5292 | D:5      | Reached skill level 5 in Short Blades
  5292 | D:5      | Reached skill level 10 in Stealth
  5412 | D:5      | Found a burning altar of Makhleb.
  5453 | D:5      | Found a shattered altar of Ashenzari.
  5878 | D:6      | Found Vuhaukku's Distillery.
  6065 | D:6      | Found a radiant altar of Vehumet.
  6250 | D:6      | Reached skill level 1 in Ice Magic
  6625 | D:6      | Reached skill level 5 in Hexes
  6652 | D:6      | Reached skill level 11 in Stealth
  6664 | D:6      | Reached skill level 5 in Spellcasting
  7313 | D:7      | Reached XP level 9. HP: 42/42 MP: 17/17
  7561 | D:7      | Reached skill level 1 in Shields
  7781 | D:7      | Reached skill level 12 in Stealth
  7983 | D:7      | Noticed a cyclops
  7990 | D:7      | Killed a cyclops
  8139 | D:7      | Found a hide-covered altar of Uskayaw.
  8143 | D:7      | Found a glowing silver altar of Zin.
  8292 | D:7      | Reached ** piety under Dithmenos
  8469 | D:7      | Reached skill level 13 in Stealth
  8617 | D:8      | Found a blossoming altar of Fedhas.
  8724 | D:8      | Reached XP level 10. HP: 46/46 MP: 18/20
  9286 | D:8      | Got a crude robe
  9297 | D:8      | Identified the +1 robe of Trumpets {rF++ MP+9 Int+3 SInv} (You found it on level 8 of the Dungeon)
  9442 | D:8      | Noticed Psyche
 10295 | D:8      | Killed Psyche
 10818 | D:9      | Found a staircase to the Lair.
 11074 | D:8      | Reached skill level 14 in Stealth
 11790 | D:9      | Noticed a gargoyle
 11795 | D:9      | Killed a gargoyle
 11872 | D:9      | Reached *** piety under Dithmenos
 11876 | D:9      | Reached skill level 15 in Stealth
 12292 | D:10     | Entered Level 10 of the Dungeon
 12368 | D:10     | HP: 2/46 [killer bee (6)]
 12806 | D:10     | Reached XP level 11. HP: 50/50 MP: 22/22
 13387 | D:10     | Reached **** piety under Dithmenos
 13672 | D:11     | Noticed a two-headed ogre
 13681 | D:11     | Killed a two-headed ogre
 13691 | D:11     | Noticed a red ugly thing
 13713 | D:11     | Killed a red ugly thing
 13802 | D:11     | Noticed a two-headed ogre
 13805 | D:11     | Killed a two-headed ogre
 13805 | D:11     | Reached skill level 16 in Stealth
 14343 | D:11     | Noticed a two-headed ogre
 14363 | D:11     | Killed a two-headed ogre
 14497 | D:11     | Reached skill level 17 in Stealth
 14645 | D:11     | Noticed Grum
 14648 | D:11     | Killed Grum
 14888 | D:12     | Noticed a cyan ugly thing
 14904 | D:12     | Killed a cyan ugly thing
 15122 | D:12     | Reached XP level 12. HP: 56/56 MP: 24/24
 15425 | D:12     | Reached ***** piety under Dithmenos
 15454 | D:12     | Found a staircase to the Orcish Mines.
 15646 | D:12     | Reached skill level 18 in Stealth
 15836 | D:12     | Noticed a two-headed ogre
 15843 | D:12     | Killed a two-headed ogre
 16079 | D:12     | You fall through a shaft for 2 floors!
 16079 | D:14     | Noticed a tengu warrior
 16081 | D:14     | Killed a tengu warrior
 16124 | D:13     | Noticed a tengu warrior
 16148 | D:13     | Killed a tengu warrior
 16158 | D:13     | Reached skill level 19 in Stealth
 16478 | D:13     | Noticed a vault guard
 16536 | D:13     | Found Hoiraic's Pet Rocks.
 16544 | D:13     | Noticed a centaur warrior
 16573 | D:13     | Killed a centaur warrior
 16782 | D:13     | Noticed a two-headed ogre
 17027 | D:13     | Found a shadowy altar of Dithmenos.
 17069 | D:13     | Killed a two-headed ogre
 17079 | D:13     | Killed a vault guard
 17103 | D:13     | Noticed a vault guard
 17104 | D:13     | Noticed a vault guard
 17106 | D:13     | Noticed a vault guard
 17107 | D:13     | Noticed an ogre mage
 17313 | D:12     | Killed a vault guard
 17313 | D:12     | Reached skill level 10 in Short Blades
 17313 | D:12     | Reached skill level 5 in Shields
 17313 | D:12     | Reached XP level 13. HP: 42/59 MP: 27/27
 17729 | D:13     | Reached skill level 20 in Stealth
 17764 | D:13     | Found a gate to the Vaults.
 18389 | D:13     | Noticed Azrael
 18904 | D:13     | Reached ****** piety under Dithmenos
 19374 | D:13     | Killed Azrael
 19497 | D:13     | Reached skill level 10 in Spellcasting
 20037 | Lair:1   | Entered Level 1 of the Lair of Beasts
 21001 | Lair:2   | Found a dark tunnel.
 21007 | Volcano  | Entered a volcano
 21054 | Volcano  | Reached skill level 21 in Stealth
 21174 | Volcano  | Found a burning altar of Makhleb.
 21174 | Volcano  | Noticed a stone giant
 21183 | Volcano  | Killed a stone giant
 21601 | Lair:2   | Reached skill level 10 in Dodging
 21605 | Lair:2   | Reached skill level 10 in Hexes
 21621 | Lair:2   | Reached XP level 14. HP: 61/63 MP: 17/29
 22489 | Lair:3   | Reached skill level 22 in Stealth
 22715 | Lair:3   | Found a hole to the Spider Nest.
 22756 | Lair:3   | Found a deep blue altar of Sif Muna.
 24043 | Lair:4   | Reached skill level 5 in Ice Magic
 24261 | Lair:4   | Noticed an entropy weaver
 24304 | Lair:4   | Noticed an entropy weaver
 24327 | Lair:4   | Killed an entropy weaver
 25071 | Lair:4   | Noticed Harold
 25110 | Lair:4   | Killed Harold
 25265 | Lair:4   | Identified the Grimoire of Calling and Sinister Rituals
 25373 | Lair:4   | Found a staircase to the Shoals.
 25431 | Lair:4   | Reached skill level 23 in Stealth
 25440 | Lair:4   | Killed an entropy weaver
 26950 | Lair:5   | Reached XP level 15. HP: 62/68 MP: 31/31
 27619 | Lair:6   | Entered Level 6 of the Lair of Beasts
 28186 | Lair:6   | Found a runed door.
 28186 | Lair:6   | Found a viscous altar of Jiyva.
 28209 | Lair:6   | Found a hazy altar of Hepliaklqana.
 28681 | Lair:6   | Mangled by an eight-headed hydra

Skill      XL: |  1  2  3  4  5  6  7  8  9 10 11 12 13 14 15 |
---------------+----------------------------------------------+-----
Stealth        | 5 6 7 8 9 11 13 15 17 19 21 23 | 23.8
Short Blades   | 2 3 4 5 6 7 9 10 11 12 | 12.2
Hexes          | 4 5 6 7 8 10 11 | 11.0
Spellcasting   | 3 4 5 6 7 9 10 11 | 11.5
Dodging        | 4 5 7 8 9 10 | 10.3
Fighting       | 1 2 3 |  3.1
Ice Magic      | 1 2 3 4 5 |  5.3
Shields        | 1 2 4 5 6 7 |  7.0

Action                   |  1- 3 |  4- 6 |  7- 9 | 10-12 | 13-15 || total
-------------------------+-------+-------+-------+-------+-------++-------
Melee: Dagger            |    99 |       |   241 |   452 |   802 ||  1594
       Short sword       |    36 |   138 |    94 |       |       ||   268
 Cast: Ensorcelled Hiber |     7 |     7 |    48 |   187 |   284 ||   533
       Confuse           |       |     6 |    19 |    53 |    89 ||   167
Evoke: Wand              |       |       |       |       |     2 ||     2
  Use: Scroll            |       |     4 |     9 |     8 |    21 ||    42
       Potion            |       |       |     1 |     1 |    10 ||    12
 Stab: Sleeping          |    21 |     8 |    37 |   149 |   241 ||   456
       Confused          |       |     4 |    11 |    33 |    47 ||    95
       Distracted        |       |     1 |     1 |     5 |    16 ||    23
       Invisible         |       |       |       |       |     1 ||     1
  Eat: Fruit             |       |     2 |     2 |     4 |     6 ||    14
       Royal jelly       |       |       |     3 |     2 |     1 ||     6
       Bread ration      |       |       |       |       |     1 ||     1
Armor: Robe              |    10 |    16 |    10 |     7 |    11 ||    54
Dodge: Dodged            |   109 |   100 |   234 |   309 |   561 ||  1313
Block: Buckler           |       |       |    50 |   182 |   364 ||   596
